 Dungeon Crawl Stone Soup version 0.29-a0-350-g7790a0e70a (webtiles) character file.

Game seed: 3910924672882163059

2678 voltaire321 the Sneak (level 9, 0/54 HPs)
             Began as a Kobold Conjurer on Apr 21, 2022.
             Was a Follower of Sif Muna.
             Slain by Erica
             ... wielding a +1 scimitar of flaming
              (3 damage)
             ... on level 8 of the Dungeon on Apr 22, 2022.
             The game lasted 00:30:13 (9479 turns).

voltaire321 the Sneak (Kobold Conjurer)             Turns: 9479, Time: 00:30:14

Health: 0/54       AC: 10    Str:  6    XL:     9   Next: 95%
Magic:  6/17       EV: 14    Int: 27    God:    Sif Muna [*.....]
Gold:   223        SH:  0    Dex: 14    Spells: 16/19 levels left

rFire   . . .      SeeInvis .   l - +3 rapier
rCold   + . .      Faith    .   (no shield)
rNeg    . . .      Spirit   .   w - +4 ring mail of Impressiveness {Will+ Regen+ Int+6 Slay-4}
rPois   +          Reflect  .   (no helmet)
rElec   .          Harm     .   (no cloak)
rCorr   .          Rampage  .   (no gloves)
Will    +....                   a - +0 pair of boots
Stlth   ++++......              (no amulet)
HPRegen 0.98/turn               k - ring of poison resistance
MPRegen 0.15/turn               q - ring of protection from cold

@: no status effects
A: small, no large weapons, nightstalker 3
a: Renounce Religion, Channel Magic


You were on level 8 of the Dungeon.
You worshipped Sif Muna.
Sif Muna was aware of your devotion.
You visited 2 branches of the dungeon, and saw 9 of its levels.

You collected 478 gold pieces.
You spent 255 gold pieces at shops.

Inventory:

Hand Weapons
 l - a +3 rapier (weapon)
Armour
 a - a +0 pair of boots (worn)
 t - a +1 robe
 w - the +4 ring mail of Impressiveness (worn) {Will+ Regen+ Int+6 Slay-4}
   (You bought it in a shop on level 3 of the Dungeon)

   Int:       It affects your intelligence (+6).
   Slay:      It affects your accuracy & damage with ranged weapons and melee
   (-4).
   Regen:     It increases your rate of health regeneration.
   Will:      It increases your willpower.
Jewellery
 e - an amulet of guardian spirit
 k - a ring of poison resistance (left hand)
 q - a ring of protection from cold (right hand)
 s - an amulet of the acrobat
 y - a ring of protection from cold
Wands
 f - a wand of charming (10)
 g - a wand of acid (10)
 z - a wand of flame (16)
Scrolls
 c - a scroll of magic mapping
 m - 2 scrolls of acquirement {unknown}
 p - a scroll of enchant weapon
 r - 3 scrolls of amnesia
Potions
 b - 2 potions of invisibility
 d - a potion of cancellation
 h - 4 potions of haste
 i - a potion of berserk rage {unknown}
 j - 3 potions of might
 n - 2 potions of brilliance
 o - 3 potions of curing
 u - 2 potions of heal wounds {unknown}
 v - a potion of mutation {unknown}
 x - 3 potions of ambrosia {unknown}
 A - 2 potions of lignification


   Skills:
 + Level 5.4 Fighting
 + Level 3.5 Armour
 + Level 6.6 Dodging
 + Level 7.9 Stealth
 + Level 5.5 Spellcasting
 + Level 6.6 Conjurations
 + Level 3.3 Invocations


You had 16 spell levels left.
You knew the following spells:

 Your Spells              Type           Power      Damage    Failure   Level
a - Magic Dart            Conj           100%       1d8       1%          1
b - Searing Ray           Conj           86%        2d7       2%          2

Your spell library contained the following spells:

 Spells                   Type           Power      Damage    Failure   Level
 Shock                    Conj/Air       100%       1d9       6%          1
 Static Discharge         Conj/Air       25%        N/A       10%         2
 Dazzling Flash           Conj/Hex       50%        N/A       19%         3
 Mephitic Cloud           Conj/Pois/Air  19%        N/A       30%         3
 Fulminant Prism          Conj/Hex       12%        3d9       54%         4
 Iskenderun's Mystic Bla  Conj/Tloc      25%        2d7       54%         4
 Sticky Flame             Conj/Fire      25%        2d5       54%         4
 Ignite Poison            Fire/Tmut/Pois 7%         N/A       58%         3
 Swiftness                Air            7%         N/A       58%         3
 Airstrike                Air            3%         N/A       94%         4
 Dispel Undead            Necr           7%         3d8       94%         4
 Freezing Cloud           Conj/Ice/Air   9%         6-21      96%         5


Dungeon Overview and Level Annotations

Branches:
Dungeon (8/15)             Temple (1/1) D:6
   Lair: D:8-11

Altars:
Ashenzari
Cheibriados
Dithmenos
Elyvilon
Fedhas
Gozag
Hepliaklqana
Kikubaaqudgha
Makhleb
Nemelex Xobeh
Okawaru
Qazlal
Ru
Sif Muna
Trog
Uskayaw
Vehumet
Wu Jian
Xom
Yredelemnul
Zin
The Shining One

Shops:
D:3 =[   D:4 !

Annotations:
D:8 Erica


Innate Abilities, Weirdness & Mutations

You are small and have problems with some larger weapons.
You are completely attuned to the shadows.


Message History

The yak is heavily wounded.
The searing ray hits Erica.
Erica is moderately wounded.
You finish channelling your searing ray.
Erica casts a spell.
Erica flickers and vanishes!
Deactivating autopickup; reactivate with Ctrl-A.
Casting: Searing Ray (safe; 2% risk of failure)
Confirm with . or Enter, or press ? or * to list all spells.
Aiming: Searing Ray (safe; 2% risk of failure)
Press: ? - help, Shift-Dir - straight line, f - yak
Aim: a yak (heavily wounded, 89% to hit)
The searing ray hits the yak!
The yak is almost dead.
The searing ray hits something! (Press . to maintain the ray.)
The yak gores you.
The searing ray hits the yak!
You kill the yak!
Sif Muna accepts your kill.
You hear some strange, mumbled words.
You are confused.
You bump into the metal wall.
You hear some strange, mumbled words.
Something tries to affect you, but you resist.
You bump into the metal wall.
Something hits you! Something burns you.
You barely miss something.
You feel less confused. Something hits you. Something burns you.
You miss something. Something hits you! Something burns you.
You feel better. Something hits you!
* * * LOW HITPOINT WARNING * * *
Something burns you.
* * * LOW HITPOINT WARNING * * *
You puncture something! Something hits you!
* * * LOW HITPOINT WARNING * * *
Something burns you.
* * * LOW HITPOINT WARNING * * *
You closely miss something. Something hits you.
You die...

###.##.#
#.##.###
#........
#..#####.
#..# #..#
#..#
#####..###.#
..(...{@.(.#
####...###.#
#.### #.#
##†## #...#
........#
........#
#........


There were no monsters in sight!

Vanquished Creatures
  A steam dragon (D:7)
  4 yaks (D:8)
  A water moccasin (D:7)
  A black bear (D:5)
  An ice beast (D:6)
  3 sky beasts
  2 ogres
  2 centaurs
  A phantom (D:3)
  2 bullfrogs
  A necrophage (D:5)
  A scorpion (D:3)
  3 jellies
  5 hounds
  A gnoll shaman (D:5)
  4 orc priests
  An iguana (D:6)
  3 orc wizards
  6 gnolls
  13 adders
  A shadow imp (D:7)
  A white imp (D:6)
  2 worms
  2 dart slugs
  17 orcs
  6 endoplasms
  2 giant cockroaches
  8 goblins
  6 hobgoblins
  8 jackals
  8 kobolds
  5 quokkas
  4 ball pythons
  4 bats
  3 frilled lizards
  5 rats
138 creatures vanquished.

Notes
Turn   | Place    | Note
-------+----------+-------------------------------------------
     0 | D:1      | voltaire321 the Kobold Conjurer began the quest for the
                  | Orb.
     0 | D:1      | Reached XP level 1. HP: 10/10 MP: 3/3
   610 | D:1      | Reached XP level 2. HP: 16/16 MP: 1/5
   618 | D:1      | Reached skill level 3 in Stealth
  1070 | D:1      | Found a faded altar of an unknown god.
  1075 | D:1      | Got Plato's Grimoire of the Birds
  1158 | D:1      | Learned a level 2 spell: Searing Ray
  1483 | D:1      | Reached skill level 1 in Fighting
  1483 | D:1      | Reached XP level 3. HP: 20/20 MP: 2/6
  1483 | D:1      | Upgraded the game from 0.29-a0-344-ge2f44be95a to
                  | 0.29-a0-350-g7790a0e70a
  2274 | D:2      | Reached XP level 4. HP: 25/25 MP: 3/8
  3292 | D:3      | Reached XP level 5. HP: 30/30 MP: 1/9
  3611 | D:3      | Reached skill level 4 in Stealth
  3626 | D:3      | Noticed a phantom
  3924 | D:3      | Found Ofankix's Antique Armour Shoppe.
  4157 | D:3      | Killed a phantom
  4158 | D:3      | Reached XP level 6. HP: 28/36 MP: 1/11
  4377 | D:3      | Found Leomempi's Jewellery Emporium.
  5226 | D:4      | Reached skill level 5 in Conjurations
  5421 | D:4      | Found an opulent altar of Gozag.
  5466 | D:4      | Found Lineaso's Distillery.
  5469 | D:4      | Bought a potion of curing for 39 gold pieces
  5502 | D:3      | Bought a bloodstained ring mail for 216 gold pieces
  5502 | D:3      | Identified the +4 ring mail of Impressiveness {Will+ Regen+
                  | Int+6 Slay-4} (You bought it in a shop on level 3 of the
                  | Dungeon)
  5539 | D:5      | Entered Level 5 of the Dungeon
  5549 | D:5      | Reached XP level 7. HP: 40/40 MP: 8/12
  5681 | D:4      | Reached skill level 5 in Stealth
  5783 | D:5      | Reached skill level 1 in Armour
  6259 | D:5      | Reached XP level 8. HP: 46/46 MP: 8/14
  6514 | D:5      | Reached skill level 5 in Dodging
  6617 | D:5      | Reached skill level 6 in Stealth
  7236 | D:6      | Found a staircase to the Ecumenical Temple.
  7245 | Temple   | Entered the Ecumenical Temple
  7315 | Temple   | Became a worshipper of Sif Muna the Loreminder
  7983 | D:6      | Reached skill level 1 in Invocations
  8406 | D:6      | Reached XP level 9. HP: 52/52 MP: 10/16
  8648 | D:7      | Reached skill level 7 in Stealth
  8876 | D:7      | Reached skill level 5 in Spellcasting
  9272 | D:7      | Reached skill level 5 in Fighting
  9464 | D:8      | Reached * piety under Sif Muna
  9464 | D:8      | Noticed Erica
  9478 | D:8      | HP: 2/54 [something (3)]
  9479 | D:8      | Slain by Erica

Illustrated notes

Levels and vault maps discovered:
D:1:      saegor_arrival_miasma, layout_basic,
          shapermc_ecumenical_altar_rom_forum, minmay_tromino_v2
D:2:      layout_basic, interstate_on_off, kennysheep_big_empty_room,
          minmay_misc_feat_tower
D:3:      layout_rooms, serial_shops, nicolae_diamond_shop,
          nicolae_shop_behind_doors, minmay_fractal_squares_diagonal_5
D:4:      layout_rooms, mainiacjoe_overflow_surrounded_room, serial_shops,
          kennysheep_mini_moat
D:5:      layout_gridville
D:6:      layout_loops_ring, minmay_temple_entry_slanted
D:7:      layout_basic
D:8:      layout_loops_ring, hangedman_abyss_or_decor_clamps,
          nicolae_shop_self_help, uniq_erica, uniq_psyche
Temple:   regret_index_temple_sigil_plot

Skill      XL: |  1  2  3  4  5  6  7  8  9 |
---------------+----------------------------+-----
Stealth        | 3 4 5 6 7 |  7.9
Fighting       | 1 2 3 4 5 |  5.4
Dodging        | 3 4 5 6 |  6.6
Spellcasting   | 3 4 5 |  5.5
Conjurations   | 5 6 |  6.6
Armour         | 1 2 3 |  3.5
Invocations    | 1 3 |  3.3

Action                   |  1- 3 |  4- 6 |  7- 9 || total
-------------------------+-------+-------+-------++-------
Melee: Short sword       |     8 |     2 |       ||    10
       Unarmed           |     1 |       |       ||     1
       Rapier            |       |    17 |    20 ||    37
       Punch             |       |       |     1 ||     1
 Cast: Magic Dart        |    28 |    48 |    16 ||    92
       Searing Ray       |     9 |    26 |    53 ||    88
Evoke: Wand              |       |       |     1 ||     1
  Use: Potion            |     1 |       |     1 ||     2
       Scroll            |       |       |    20 ||    20
 Stab: Sleeping          |     1 |       |     2 ||     3
Armor: Robe              |     2 |     6 |       ||     8
       Ring mail         |       |       |    38 ||    38
Dodge: Dodged            |     7 |    37 |    72 ||   116

Table legend: (Time is in decaauts)
 A = Elapsed time spent in this place.
 B = Non-inter-level travel time spent in this place.
 C = Inter-level travel time spent in this place.
 D = Time resting spent in this place.
 E = Time spent auto-exploring this place.
 F = Levels seen in this place.
 G = Mean time per level.
                   A        B        C        D        E       F      G
               +--------+--------+--------+--------+--------+-----+--------+
         Total |   9494 |   9320 |    174 |   2846 |   4935 |   9 | 1054.9 |
       Dungeon |   9123 |   8966 |    157 |   2846 |   4615 |   8 | 1140.4 |
        Temple |    370 |    353 |     17 |      0 |    320 |   1 |  370.0 |
               +--------+--------+--------+--------+--------+-----+--------+

Top non-repeatable levels by time:
     D:1: 1771 daAuts
     D:2: 1618 daAuts
     D:4: 1315 daAuts
     D:6: 1225 daAuts
     D:3: 1147 daAuts
     D:5: 1025 daAuts
     D:7: 974 daAuts
  Temple: 370 daAuts
     D:8: 44 daAuts
